[Event "Team 45 45 League T63"]
[Site "Internet Chess Club"]
[Date "2014.11.30"]
[Round "1"]
[White "Greedy-Reedy"]
[Black "Intemperate"]
[Result "0-1"]
[WhiteElo "1885"]
[BlackElo "1838"]
[Opening "Petrov: modern attack, main line"]
[ECO "C43"]
[Time "09:06:12"]
[TimeControl "2700+45"]

1. e4 e5 2. Nf3 Nf6 3. d4 exd4 4. e5 Ne4 5. Qxd4 d5 6. exd6 Nxd6 7. Bd3 Nc6 8.
Qf4 g6 9. O-O Bg7 10. Re1+ Be6 11. Ng5 O-O 12. Nxe6 fxe6 13. Qg3 Nf5 14. Bxf5
exf5 15. Qb3+ Kh8 16. Qxb7 Re8 17. Rf1 Nd4 18. Na3 Re6 19. Bg5 Qe8 20. Rab1 Rb6
21. Qxc7 Ne6 22. Qg3 Nxg5 23. Qxg5 Rxb2 24. Rxb2 Bxb2 25. Nc4 Bg7 26. Rd1 Rb8
27. h3 h6 28. Qg3 Rc8 29. Qd3 Qa4 30. Nd6 Rxc2 31. a3 Rc3 32. Nf7+ Kh7 33. Qd6
Qxa3 34. Qe6 Rc1 35. Rxc1 Qxc1+ 36. Kh2 Qf4+ 37. Kg1 Bd4 38. Qe1 Qc7 39. Qe8
Qc1+ 40. Kh2 Qf4+ 41. Kh1 Qxf2 42. Kh2 f4 43. h4 Qxh4# {White checkmated} 0-1

[Event "Team 45 45 League T63"]
[Site "Internet Chess Club"]
[Date "2014.11.30"]
[Round "1"]
[White "MrShaw"]
[Black "PuzzleMaster"]
[Result "1/2-1/2"]
[WhiteElo "1880"]
[BlackElo "1879"]
[Opening "Sicilian: dragon, Yugoslav attack, Rauser variation"]
[ECO "B76"]
[Time "12:02:03"]
[TimeControl "2700+45"]

1. e4 c5 2. Nf3 d6 3. d4 cxd4 4. Nxd4 Nf6 5. Nc3 g6 6. f3 Bg7 7. Be3 O-O 8. Qd2
Nc6 9. O-O-O Nxd4 10. Bxd4 Be6 11. Kb1 Qc7 12. h4 Rfc8 13. h5 Qa5 14. hxg6 hxg6
15. a3 Rab8 16. Ne2 Qa4 17. g4 b5 18. g5 b4 19. gxf6 bxa3 20. fxg7 Rxb2+ 21.
Bxb2 Ba2+ 22. Kxa2 axb2+ 23. Kxb2 Rb8+ 24. Qb4 Rxb4+ 25. Kc1 Rc4 26. c3 Kxg7 27.
Kd2 a5 28. Bh3 Qb5 29. Rb1 Qg5+ 30. Kd3 Rc7 31. Nd4 d5 32. Nf5+ Kf6 33. Rbg1
dxe4+ 34. fxe4 Rd7+ 35. Nd4 Qb5+ 36. Kc2 Rxd4 37. cxd4 Qc4+ 38. Kb1 Qd3+ 39. Ka2
Qc2+ 40. Ka3 Qc3+ 41. Ka2 Qc2+ {Game drawn by mutual agreement} 1/2-1/2

[Event "Team 45 45 League T63"]
[Site "Internet Chess Club"]
[Date "2014.11.29"]
[Round "1"]
[White "smyslovVchess"]
[Black "Philly-Boy"]
[Result "1/2-1/2"]
[WhiteElo "1635"]
[BlackElo "1796"]
[Opening "Sicilian: Najdorf, 6...e6"]
[ECO "B95"]
[Time "15:04:50"]
[TimeControl "2700+45"]

1. e4 c5 2. Nf3 d6 3. d4 cxd4 4. Nxd4 Nf6 5. Nc3 a6 6. Bg5 e6 7. Bc4 Be7 8. Qe2
b5 9. Bb3 Bb7 10. Bxe6 fxe6 11. Nxe6 Qd7 12. Nxg7+ Kf7 13. Nf5 b4 14. Bxf6 Bxf6
15. Qh5+ Kf8 16. Qh6+ Kf7 17. Qh5+ Kf8 18. Qh6+ Kf7 19. Qh5+ Kg8 20. Nd5 Bxd5
21. exd5 Bxb2 22. Rd1 Bc3+ 23. Kf1 {Game drawn by mutual agreement} 1/2-1/2

[Event "Team 45 45 League T63"]
[Site "Internet Chess Club"]
[Date "2014.11.30"]
[Round "1"]
[White "qs16"]
[Black "mongmong"]
[Result "1-0"]
[WhiteElo "1719"]
[BlackElo "1608"]
[Opening "Queen's pawn"]
[ECO "A40"]
[Time "11:00:27"]
[TimeControl "2700+45"]

1. d4 e6 2. Nd2 d5 3. e3 Bd6 4. Bd3 Nf6 5. f4 c5 6. c3 Nc6 7. Ngf3 O-O 8. O-O
Qb6 9. a3 cxd4 10. cxd4 Ne7 11. Ne5 Ne8 12. Rf3 f5 13. Rh3 Bxe5 14. fxe5 h6 15.
Nb3 Bd7 16. Nc5 Qc7 17. Bd2 b6 18. Nxd7 Qxd7 19. Rc1 Rc8 20. Rf3 Rxc1 21. Qxc1
Qc7 22. Rf1 Ng6 23. Bb5 Kf7 24. Bxe8+ {Black resigns} 1-0

[Event "Team 45 45 League T63"]
[Site "Internet Chess Club"]
[Date "2014.12.07"]
[Round "1"]
[White "DouDou"]
[Black "LittleButton"]
[Result "0-1"]
[WhiteElo "1722"]
[BlackElo "1914"]
[Opening "French: Rubinstein variation"]
[ECO "C03"]
[Time "16:32:22"]
[TimeControl "2700+45"]

1. e4 e6 2. d4 d5 3. Nd2 dxe4 4. Nxe4 Nd7 5. Nf3 Ngf6 6. Nxf6+ Nxf6 7. Bd3 c5 8.
c3 cxd4 9. cxd4 Bb4+ 10. Bd2 Bxd2+ 11. Qxd2 O-O 12. O-O b6 13. Rac1 Bb7 14. Ne5
Qd5 15. Nf3 Qxa2 16. Bc4 Qa4 17. b3 Qd7 18. Ne5 Qd6 19. f3 Rfd8 20. Rfd1 a6 21.
b4 b5 22. Bb3 Rac8 23. Rc5 Nd7 24. Nxd7 Rxd7 25. Rxc8+ Bxc8 26. Rc1 Bb7 27. Qc3
g6 28. Rd1 Rc7 29. Qd2 Bd5 30. Bxd5 Qxd5 31. Ra1 Qd6 32. Qd3 Qxb4 33. Rb1 Qc4
34. Qd2 Rd7 35. Rb4 Qd5 36. Qe3 Qd6 37. Qc3 Rc7 38. Qb2 Qd5 39. h3 Rc4 40. Kf2
Qc6 41. Ke3 Rc2 42. Qa1 Rxg2 43. Rb3 Qc2 {White resigns} 0-1

[Event "Team 45 45 League T63"]
[Site "Internet Chess Club"]
[Date "2014.11.26"]
[Round "1"]
[White "fishhead"]
[Black "LiangLiang"]
[Result "1-0"]
[WhiteElo "1811"]
[BlackElo "1771"]
[Opening "Ruy Lopez: Wormald (Alapin) attack"]
[ECO "C77"]
[Time "20:01:34"]
[TimeControl "2700+45"]

1. e4 e5 2. Nf3 Nc6 3. Bb5 a6 4. Ba4 Nf6 5. Qe2 b5 6. Bb3 Bc5 7. c3 d6 8. h3 O-O
9. O-O Bb7 10. Rd1 Ne7 11. d4 exd4 12. cxd4 Bb6 13. Nbd2 Re8 14. Ng5 d5 15. e5
Nc6 16. Qd3 Ne4 17. Ndxe4 dxe4 18. Qxe4 g6 19. Nxf7 {Black resigns} 1-0

[Event "Team 45 45 League T63"]
[Site "Internet Chess Club"]
[Date "2014.11.26"]
[Round "1"]
[White "hood"]
[Black "justice02"]
[Result "1/2-1/2"]
[WhiteElo "1971"]
[BlackElo "1814"]
[Opening "Caro-Kann: Tartakower (fantasy) variation"]
[ECO "B12"]
[Time "22:00:07"]
[TimeControl "2700+45"]

1. e4 c6 2. d4 d5 3. f3 dxe4 4. fxe4 e5 5. Nf3 exd4 6. Bc4 Be6 7. Bxe6 fxe6 8.
O-O Nd7 9. Ng5 Ngf6 10. Nxe6 Qb6 11. Kh1 c5 12. Nxf8 Rxf8 13. Nd2 O-O-O 14. b3
Qe6 15. Qe2 Ne5 16. Ba3 Qc6 17. Rae1 Nfg4 18. Nc4 Rxf1+ 19. Rxf1 b5 20. Nxe5
Nxe5 21. Qh5 Qxe4 22. Bxc5 Nc6 23. Qh3+ Rd7 24. Qf3 Qxf3 25. Rxf3 Kb7 26. Kg1
Ne5 27. Rf5 d3 28. cxd3 Nxd3 29. Be3 a6 30. a3 Re7 31. Bd4 g6 32. Rf6 Re1+ 33.
Rf1 Rxf1+ 34. Kxf1 Kc6 35. Be3 Kd5 36. Ke2 Ke4 37. g3 h5 38. h3 a5 39. Bd2 a4
40. bxa4 bxa4 41. Be3 Nb2 42. Bc5 Nc4 43. Be7 Ne5 44. Bd6 Nf3 45. Kf2 g5 46. g4
hxg4 47. hxg4 Ne5 48. Kg3 Nf7 49. Bb4 Kd4 50. Be7 Kc4 51. Kf3 Ne5+ 52. Kg3 Nf7
53. Kf3 Ne5+ 54. Kg3 Kb3 55. Bxg5 Nxg4 56. Kxg4 Kxa3 {Game drawn by mutual
agreement} 1/2-1/2

[Event "Team 45 45 League T63"]
[Site "Internet Chess Club"]
[Date "2014.11.30"]
[Round "1"]
[White "CaptK"]
[Black "joebobpop"]
[Result "0-1"]
[WhiteElo "1738"]
[BlackElo "1856"]
[Opening "King's Indian: London system"]
[ECO "A48"]
[Time "17:30:29"]
[TimeControl "2700+45"]

1. d4 Nf6 2. Nf3 g6 3. Bf4 Bg7 4. e3 O-O 5. Be2 c5 6. c3 d5 7. O-O Nc6 8. Nbd2
Qb6 9. Qb3 c4 10. Qxb6 axb6 11. b3 b5 12. a4 b4 13. bxc4 bxc3 14. Nb1 c2 15. Nc3
Nb4 16. Rfc1 Bf5 17. Nh4 Bd7 18. c5 Ne4 19. Nxe4 dxe4 20. a5 h6 21. Bc4 Kh7 22.
Nxg6 fxg6 23. Bb3 Rxf4 24. exf4 Bxd4 {White resigns} 0-1

[Event "Team 45 45 League T63"]
[Site "Internet Chess Club"]
[Date "2014.11.28"]
[Round "1"]
[White "infiniteshug"]
[Black "Jack-ONeill"]
[Result "1-0"]
[WhiteElo "2195"]
[BlackElo "2073"]
[Opening "French: King's Indian attack"]
[ECO "C00"]
[Time "14:01:39"]
[TimeControl "2700+45"]

1. e4 e6 2. d3 d5 3. Nd2 Nf6 4. Ngf3 b6 5. c3 c5 6. g3 Be7 7. Bg2 Ba6 8. c4 dxe4
9. dxe4 Nc6 10. e5 Nd7 11. O-O O-O 12. b3 Ndxe5 13. Nxe5 Nxe5 14. Bb2 Bf6 15.
Qe2 Nd7 16. Bxf6 Nxf6 17. Bxa8 Qxa8 18. Rad1 Bb7 19. f3 Rd8 20. Ne4 Bxe4 21.
fxe4 e5 22. Rxd8+ Qxd8 23. Rd1 Qc7 24. Qd3 Kf8 25. Qd8+ Qxd8 26. Rxd8+ Ke7 27.
Ra8 a5 28. Kg2 Nd7 29. Kf3 f6 30. Kg4 Kf7 31. Kh5 Ke7 32. g4 Kf7 33. Rh8 Nf8 34.
g5 g6+ 35. Kh6 f5 36. exf5 gxf5 37. Rxf8+ {Black resigns} 1-0

[Event "Team 45 45 League T63"]
[Site "Internet Chess Club"]
[Date "2014.11.29"]
[Round "1"]
[White "Ptzz"]
[Black "junard"]
[Result "1-0"]
[WhiteElo "2074"]
[BlackElo "2038"]
[Opening "English: Caro-Kann defensive system"]
[ECO "A11"]
[Time "04:11:52"]
[TimeControl "2700+45"]

1. c4 c6 2. g3 d5 3. Bg2 Nf6 4. Nf3 Bg4 5. Ne5 Bh5 6. cxd5 cxd5 7. Nc3 e6 8. g4
Bg6 9. h4 Bd6 10. d4 h5 11. Nxg6 fxg6 12. Qc2 Kf7 13. g5 Ng8 14. Rh3 Ne7 15. e4
Bb4 16. Kf1 Bxc3 17. bxc3 Nbc6 18. Rf3+ Kg8 19. Bh3 Qd7 20. exd5 Qxd5 21. Qe2
Nf5 22. Bxf5 exf5 23. Kg1 Kf7 24. Rb1 b6 25. Rb5 Qe4 26. Qxe4 {Black resigns}
1-0

[Event "Team 45 45 League T63"]
[Site "Internet Chess Club"]
[Date "2014.12.01"]
[Round "1"]
[White "BuddyT"]
[Black "Tobiasdelmonte"]
[Result "0-1"]
[WhiteElo "1792"]
[BlackElo "1818"]
[Opening "QGD: 6.Nf3"]
[ECO "D55"]
[Time "22:10:44"]
[TimeControl "2700+45"]

1. d4 Nf6 2. Nf3 e6 3. Bg5 Be7 4. c4 d5 5. Nc3 O-O 6. e3 c6 7. Ne5 dxc4 8. Bxc4
Nd5 9. Bxe7 Qxe7 10. O-O Nd7 11. Nd3 Nxc3 12. bxc3 e5 13. Re1 e4 14. Nf4 Nf6 15.
h3 Rd8 16. Bb3 Bf5 17. a4 Kh8 18. a5 a6 19. Qc1 g5 20. Ne2 g4 21. Ng3 Bg6 22.
Kh2 gxh3 23. gxh3 h5 24. Rg1 Qd6 25. Kh1 h4 26. Ne2 Nh5 27. Rg4 Qf6 28. Nf4 Rg8
29. Qg1 Nxf4 30. Rxf4 Bf5 31. Qh2 Rg7 32. Rg1 Rag8 33. Rxg7 Rxg7 34. Bc2 Qg5 35.
Bxe4 Bxh3 36. Bf3 Kg8 37. Re4 f6 38. Re8+ Kh7 39. c4 Qxa5 40. Be4+ f5 41. Bxf5+
Qxf5 {White resigns} 0-1

[Event "Team 45 45 League T63"]
[Site "Internet Chess Club"]
[Date "2014.11.26"]
[Round "1"]
[White "Holzschlange"]
[Black "chess09"]
[Result "1/2-1/2"]
[WhiteElo "1820"]
[BlackElo "1893"]
[Opening "Queen's pawn game, Darooha variation "]
[ECO "D11"]
[Time "19:00:15"]
[TimeControl "2700+45"]

1. Nf3 d5 2. d4 Nf6 3. c4 c6 4. Qc2 g6 5. Bf4 Bg7 6. e3 O-O 7. Nc3 Bf5 8. Qb3
Qd7 9. Ne5 Qc8 10. cxd5 cxd5 11. Nxd5 Nxd5 12. Qxd5 Be6 13. Qb5 a6 14. Qd3 b5
15. Be2 f6 16. Nf3 Nc6 17. O-O Bc4 18. Qd2 Bxe2 19. Qxe2 e5 20. dxe5 fxe5 21.
Bg3 e4 22. Nd4 Nxd4 23. exd4 Bxd4 24. Qxe4 Bxb2 25. Rab1 Bg7 26. Qd5+ Kh8 27.
Rbc1 Qd8 28. Qb7 Qd4 29. Rc7 Rfb8 30. Qc6 Rd8 31. Qe6 Re8 32. Qc6 b4 33. h3 a5
34. Rc1 Rad8 35. Qb5 Ra8 36. Qb7 Rab8 37. Qa6 Ra8 38. Qb7 Rab8 39. Qc6 Rbd8
{Game drawn by mutual agreement} 1/2-1/2

[Event "Team 45 45 League T63"]
[Site "Internet Chess Club"]
[Date "2014.11.29"]
[Round "1"]
[White "Monterrey"]
[Black "primerpaso"]
[Result "1/2-1/2"]
[WhiteElo "2049"]
[BlackElo "1961"]
[Opening "QGD: classical variation (5.Bf4)"]
[ECO "D37"]
[Time "19:01:13"]
[TimeControl "2700+45"]

1. d4 Nf6 2. Nf3 d5 3. c4 e6 4. Nc3 Be7 5. Bf4 O-O 6. e3 c5 7. dxc5 Bxc5 8. Qc2
Qa5 9. Nd2 Nc6 10. a3 Bb4 11. Rc1 Bxc3 12. Qxc3 Qxc3 13. Rxc3 e5 14. Bg5 d4 15.
Rc1 Bf5 16. Bxf6 gxf6 17. e4 Be6 18. Bd3 a5 19. b3 Rfc8 20. Ke2 Kf8 21. h3 Ke7
22. f4 exf4 23. Rcf1 Rg8 24. Rf2 Rg3 25. Nf1 f3+ 26. gxf3 Rxh3 27. Rxh3 Bxh3 28.
Rh2 Bxf1+ 29. Kxf1 Rh8 30. Rh6 Ne5 31. Be2 a4 32. f4 Ng6 33. f5 Ne5 34. bxa4 d3
35. Bd1 Nxc4 36. Kf2 Nb2 37. Bb3 d2 38. Ke2 Rd8 39. Bd1 Rd3 40. Rxh7 Rxa3 41.
Kxd2 Nxd1 42. Kxd1 Rxa4 43. Rh3 Rd4+ 44. Kc2 Kd6 45. Rb3 Kc6 46. Rh3 Rxe4 47.
Rh6 Re7 48. Rxf6+ Kc5 49. Kc3 b5 50. Kb3 Rb7 51. Rh6 Kd4 52. Rh1 Ke5 53. Rf1 b4
54. Rf2 Ke4 55. Rf1 f6 56. Rf2 Rb6 57. Rf1 Rb5 58. Kc4 Rxf5 59. Re1+ Kf3 60.
Rf1+ Kg4 61. Rg1+ Kh3 62. Kxb4 Rf2 63. Kc3 f5 64. Kd3 Rg2 65. Rf1 Kg4 66. Ke3
Rg3+ 67. Ke2 f4 68. Ra1 Rg2+ 69. Kf1 Rb2 70. Ra3 Rh2 71. Rb3 Rc2 72. Ra3 Kf5 73.
Ra4 Rd2 74. Ke1 Rb2 75. Kf1 Rb3 76. Kf2 Kg4 77. Ra8 Rb2+ 78. Kf1 Rd2 79. Ra3 Rh2
80. Rb3 Rh1+ 81. Kf2 Ra1 82. Rc3 Ra2+ 83. Kf1 f3 84. Rc8 Ra4 85. Rg8+ Kf4 86.
Rf8+ Kg3 {Game drawn by mutual agreement} 1/2-1/2

[Event "Team 45 45 League T63"]
[Site "Internet Chess Club"]
[Date "2014.11.27"]
[Round "1"]
[White "santiagoelawad"]
[Black "CogitoErgoSum"]
[Result "1/2-1/2"]
[WhiteElo "1927"]
[BlackElo "1932"]
[Opening "English: Neo-Catalan declined"]
[ECO "A14"]
[Time "10:03:38"]
[TimeControl "2700+45"]

1. g3 Nf6 2. Bg2 e6 3. c4 d5 4. Nf3 Be7 5. O-O O-O 6. b3 c5 7. Bb2 Nc6 8. cxd5
exd5 9. d4 cxd4 10. Nxd4 Nxd4 11. Qxd4 Be6 12. Nc3 Qa5 13. Rfd1 Rfd8 14. a3 Rac8
15. b4 Qa6 16. e3 Rc4 17. Qd2 Qb6 18. Bf1 Rcc8 19. Qd4 Qxd4 20. Rxd4 Ne4 21.
Nxe4 dxe4 22. Rad1 Rxd4 23. Bxd4 a6 24. Bg2 Bg4 25. Rb1 f5 26. h3 Be2 27. Bf1
Bf3 28. Bg2 Be2 29. Bf1 {Game drawn by mutual agreement} 1/2-1/2

[Event "Team 45 45 League T63"]
[Site "Internet Chess Club"]
[Date "2014.12.01"]
[Round "1"]
[White "zap2"]
[Black "VictorRed"]
[Result "0-1"]
[WhiteElo "1774"]
[BlackElo "1835"]
[Opening "English: Capablanca's variation"]
[ECO "A12"]
[Time "10:06:26"]
[TimeControl "2700+45"]

1. Nf3 d5 2. c4 c6 3. b3 Nf6 4. Bb2 Bg4 5. Ne5 Bh5 6. g3 Nbd7 7. Nxd7 Nxd7 8.
Bg2 e6 9. O-O Nf6 10. d3 Bc5 11. cxd5 exd5 12. Nd2 Qe7 13. Nf3 O-O 14. a3 Rfe8
15. e3 Ng4 16. d4 Bd6 17. Qc1 Rac8 18. Nh4 Nh6 19. Bh3 Rc7 20. Qc2 Qf6 21. Bg2
g5 22. e4 dxe4 23. Bxe4 gxh4 24. Bxh7+ Kh8 25. Rae1 Rce7 26. Rxe7 Rxe7 27. f4
Re2 28. d5 Qxb2 {White resigns} 0-1

[Event "Team 45 45 League T63"]
[Site "Internet Chess Club"]
[Date "2014.12.01"]
[Round "1"]
[White "frank001"]
[Black "beitmery"]
[Result "1-0"]
[WhiteElo "1810"]
[BlackElo "1659"]
[Opening "French: Tarrasch"]
[ECO "C03"]
[Time "13:35:22"]
[TimeControl "2700+45"]

1. e4 e6 2. d4 d5 3. Nd2 dxe4 4. Nxe4 Nf6 5. Nxf6+ Qxf6 6. Nf3 Qd8 7. Bd3 Be7 8.
Qe2 Bd7 9. Bf4 Bc6 10. O-O-O O-O 11. Kb1 Nd7 12. h4 Nf6 13. Ne5 Bxg2 14. Rhg1
Bd5 15. c4 Bc6 16. Nxc6 bxc6 17. Be5 Rb8 18. Ka1 c5 19. d5 exd5 20. cxd5 Bd6 21.
Bc3 Re8 22. Qf3 Be5 23. Bxe5 Rxe5 24. Qg3 Nh5 25. Qxe5 Qxh4 26. Rh1 Qb4 27. Rxh5
{Black resigns} 1-0

[Event "Team 45 45 League T63"]
[Site "Internet Chess Club"]
[Date "2014.12.01"]
[Round "1"]
[White "NFork"]
[Black "Enzo25"]
[Result "1/2-1/2"]
[WhiteElo "2197"]
[BlackElo "2147"]
[Opening "Sicilian: Hungarian variation"]
[ECO "B27"]
[Time "15:53:17"]
[TimeControl "2700+45"]

1. e4 c5 2. Nf3 g6 3. c3 Bg7 4. d4 cxd4 5. cxd4 d5 6. e5 Bg4 7. Qb3 Qd7 8. Bb5
Nc6 9. Nbd2 Rc8 10. O-O a6 11. Bxc6 Rxc6 12. Re1 e6 13. h3 Bxf3 14. Nxf3 Ne7 15.
Bg5 O-O 16. g4 Rfc8 17. h4 R8c7 18. Kg2 Nc8 19. Bd2 Rb6 20. Qa3 Bf8 21. b4 Rc4
22. Qe3 Bxb4 23. Bxb4 Rbxb4 24. Rad1 Qe7 25. h5 Na7 26. Rh1 Nb5 27. Qh6 Rxd4 28.
Nxd4 Nxd4 29. hxg6 fxg6 30. Rd3 Nc6 31. f4 Rb2+ 32. Kg3 Qf7 33. Rh2 Rb4 34. Rb3
Rc4 35. Re3 d4 36. Rb3 Rc3+ 37. Rxc3 dxc3 38. f5 exf5 39. gxf5 Nxe5 40. Qf4 Qd5
41. fxg6 Qd3+ 42. Kf2 Qc2+ 43. Kg1 Qb1+ 44. Kg2 Qxg6+ 45. Kh3 Qh5+ 46. Kg3 Qg6+
47. Kh3 Qh5+ 48. Kg3 {Game drawn by mutual agreement} 1/2-1/2

[Event "Team 45 45 League T63"]
[Site "Internet Chess Club"]
[Date "2014.11.26"]
[Round "1"]
[White "searchforbobby1"]
[Black "MeWantCookie"]
[Result "1/2-1/2"]
[WhiteElo "2069"]
[BlackElo "2044"]
[Opening "Sicilian: Alapin's variation (2.c3)"]
[ECO "B22"]
[Time "19:03:26"]
[TimeControl "2700+45"]

1. e4 c5 2. c3 e6 3. d4 cxd4 4. cxd4 Nf6 5. e5 Nd5 6. a3 d6 7. Nf3 Bd7 8. Bd3
Bc6 9. O-O Nd7 10. Re1 Be7 11. Nbd2 dxe5 12. dxe5 Nc5 13. Bf1 Nf4 14. Re3 O-O
15. Qc2 Rc8 16. b4 Ba4 17. Qb1 Nd7 18. Qe4 Nd5 19. Re1 Bc2 20. Qg4 Bf5 21. Qg3
a5 22. bxa5 Qxa5 23. Ne4 Bxe4 24. Rxe4 Qc3 25. Bh6 g6 26. Rae1 Rfd8 27. a4 N7b6
28. h4 Bf8 29. Bxf8 Rxf8 30. h5 Kh8 31. hxg6 fxg6 32. Qh3 Rf5 33. Qg4 Rcf8 34.
Nh4 Rxf2 35. Nxg6+ hxg6 36. Qxg6 R2f4 37. Qh6+ Kg8 38. Qg6+ Kh8 39. Qh6+ Kg8
{Game drawn by mutual agreement} 1/2-1/2

[Event "Team 45 45 League T63"]
[Site "Internet Chess Club"]
[Date "2014.11.27"]
[Round "1"]
[White "Magnus87"]
[Black "infiniteshug"]
[Result "0-1"]
[WhiteElo "2154"]
[BlackElo "2183"]
[Opening "Pirc: classical (two knights) system"]
[ECO "A48"]
[Time "11:00:13"]
[TimeControl "2700+45"]

1. d4 Nf6 2. Nf3 g6 3. Nc3 Bg7 4. e4 d6 5. Be3 Bg4 6. Be2 Nbd7 7. h3 Bxf3 8.
Bxf3 c6 9. O-O O-O 10. a4 Qc7 11. Be2 a6 12. a5 c5 13. d5 e6 14. dxe6 fxe6 15.
Bc4 Rae8 16. Ba2 c4 17. Qe2 d5 18. Rfd1 b5 19. axb6 Nxb6 20. Bd4 Nfd7 21. Bxg7
Kxg7 22. exd5 exd5 23. Qd2 Rf5 24. Qd4+ Qe5 25. Qxe5+ Rfxe5 26. b3 Nf6 27. bxc4
dxc4 28. Rab1 R8e6 29. Kf1 Ne4 30. Nxe4 Rxe4 31. Re1 Rxe1+ 32. Rxe1 Kf6 33.
Rxe6+ Kxe6 34. Ke2 Kd5 35. Kd2 Na4 36. c3 Nc5 37. f3 a5 38. Ke3 a4 39. h4 Nb3
40. g4 a3 41. Bb1 Nc1 42. Kd2 a2 43. Bxa2 Nxa2 44. f4 Ke4 45. f5 gxf5 46. g5 f4
47. h5 Kf5 48. g6 hxg6 49. h6 Kf6 {White resigns} 0-1

[Event "Team 45 45 League T63"]
[Site "Internet Chess Club"]
[Date "2014.11.27"]
[Round "1"]
[White "SlimeDog2"]
[Black "Agarnez"]
[Result "0-1"]
[WhiteElo "2069"]
[BlackElo "1905"]
[Opening "QGD: Orthodox defense, Swiss (Henneberger) variation"]
[ECO "D63"]
[Time "21:34:43"]
[TimeControl "2700+45"]

1. Nf3 Nf6 2. c4 e6 3. Nc3 d5 4. d4 Nbd7 5. Bg5 Be7 6. e3 O-O 7. Rc1 a6 8. Ne5
Nxe5 9. dxe5 Nd7 10. Bxe7 Qxe7 11. cxd5 Nxe5 12. Be2 exd5 13. Nxd5 Qg5 14. O-O
Bh3 15. Nf4 Bd7 16. Rxc7 Bc6 17. Qd6 Rfe8 18. Rc1 Rad8 19. Qb4 a5 20. Qb3 Rd6
21. Bc4 Bxg2 22. Bxf7+ Kh8 23. Nxg2 Nf3+ 24. Kh1 Rh6 {White resigns} 0-1

[Event "Team 45 45 League T63"]
[Site "Internet Chess Club"]
[Date "2014.12.01"]
[Round "1"]
[White "gump12345"]
[Black "Regista"]
[Result "0-1"]
[WhiteElo "2019"]
[BlackElo "2275"]
[Opening "Caro-Kann: advance variation"]
[ECO "B12"]
[Time "18:08:21"]
[TimeControl "2700+45"]

1. e4 c6 2. d4 d5 3. e5 Bf5 4. Nf3 e6 5. Be2 c5 6. Be3 cxd4 7. Nxd4 Ne7 8. c4
Nbc6 9. f4 Nxd4 10. Bxd4 Nc6 11. cxd5 Qxd5 12. Bf3 Be4 13. Nc3 Bxf3 14. Nxd5
Bxd1 15. Nc7+ Kd7 16. Nxa8 Bh5 17. Nb6+ Kc7 18. Be3 axb6 19. O-O Bc5 20. Bxc5
bxc5 21. h3 Be2 22. Rfe1 Bd3 23. Red1 Rd8 24. Kf2 c4 25. a3 Nd4 26. g3 Nb3 27.
Ra2 b5 28. Ke3 Bc2 29. Re1 Nd4 30. Raa1 Bb3 {White resigns} 0-1

[Event "Team 45 45 League T63"]
[Site "Internet Chess Club"]
[Date "2014.11.25"]
[Round "1"]
[White "Barrett-CCSCSL"]
[Black "xwang1"]
[Result "1/2-1/2"]
[WhiteElo "2129"]
[BlackElo "2080"]
[Opening "Scotch game"]
[ECO "C45"]
[Time "22:30:28"]
[TimeControl "2700+45"]

1. e4 e5 2. Nf3 Nc6 3. d4 exd4 4. Nxd4 Bb4+ 5. c3 Bc5 6. Be3 Bb6 7. Bc4 Nf6 8.
O-O O-O 9. Nd2 d6 10. h3 Bd7 11. f3 Re8 12. Kh1 h6 13. Bf2 Ne5 14. Bb3 Ng6 15.
Nc4 Qc8 16. Bg1 Bc5 17. Qd2 a5 18. Ne3 b5 19. a4 bxa4 20. Bxa4 Bxa4 21. Rxa4 Ne5
22. Qc2 Ned7 23. Nef5 Nb6 24. Raa1 Qd7 25. Qf2 Kh7 26. Qh4 Ng8 27. Be3 Nc4 28.
Bc1 Ne5 29. g4 d5 30. Nxg7 Ng6 31. Qh5 Bxd4 32. Nxe8 Bh8 33. Nxc7 Qxc7 34. Qf5
Ra6 35. g5 Bg7 36. h4 h5 37. f4 dxe4 38. Qxe4 Re6 39. Qf3 Qc6 40. Qxc6 Rxc6 41.
f5 Ne5 42. Rxa5 Nd3 43. Rd5 Nxc1 44. Rxc1 Rc4 45. f6 Rxh4+ 46. Kg2 Bf8 47. c4
Re4 48. c5 Bxc5 49. Rcxc5 Re2+ 50. Kf3 Rxb2 51. Rd8 Rb6 52. Kf4 Nxf6 53. gxf6
Rxf6+ 54. Kg5 Rf1 55. Rcc8 Rg1+ 56. Kh4 Rh1+ 57. Kg3 Kg6 58. Rg8+ Kf6 59. Rh8
Kg6 60. Rcg8+ Kf6 61. Kg2 Rh4 62. Rh7 Ke6 63. Rg5 f6 64. Rhxh5 fxg5 65. Rxg5 Ra4
{Game drawn by mutual agreement} 1/2-1/2

[Event "Team 45 45 League T63"]
[Site "Internet Chess Club"]
[Date "2014.11.30"]
[Round "1"]
[White "charles-allen"]
[Black "Pomberito"]
[Result "0-1"]
[WhiteElo "1868"]
[BlackElo "2122"]
[Opening "Four knights: Scotch, Krause variation"]
[ECO "C47"]
[Time "08:31:20"]
[TimeControl "2700+45"]

1. e4 e5 2. Nc3 Nf6 3. Nf3 Nc6 4. d4 Bb4 5. Nxe5 Nxe5 6. dxe5 Nxe4 7. Qg4 Nxc3
8. Qxb4 Nd5 9. Qe4 Ne7 10. Bg5 d5 11. exd6 Qxd6 12. Rd1 Qe6 13. Bd3 f5 14. Qe2
h6 15. Bf4 c6 16. O-O O-O 17. Bd6 Qxd6 18. Bc4+ Nd5 19. Bb3 b5 20. Rfe1 Bd7 21.
Qf3 Rae8 22. Re3 Rxe3 23. Qxe3 a6 24. Qb6 Be6 25. Qxa6 Qc5 26. a4 bxa4 27. Qxa4
Kh7 28. Re1 Nb6 29. Qa7 Bxb3 30. cxb3 f4 31. h3 Rf6 32. Re7 Rg6 33. Rb7 Qc1+ 34.
Kh2 Qf1 35. g3 Qxf2+ 36. Kh1 Qf1+ {White resigns} 0-1

[Event "Team 45 45 League T63"]
[Site "Internet Chess Club"]
[Date "2014.11.30"]
[Round "1"]
[White "PoisonPawn"]
[Black "Happybear"]
[Result "0-1"]
[WhiteElo "2032"]
[BlackElo "1880"]
[Opening "French: Tarrasch"]
[ECO "C03"]
[Time "21:00:36"]
[TimeControl "2700+45"]

1. e4 e6 2. d4 d5 3. Nd2 Be7 4. Ngf3 Nf6 5. e5 Nfd7 6. Bd3 c5 7. c3 a5 8. O-O
O-O 9. Re1 Nc6 10. dxc5 a4 11. Nf1 Nxc5 12. Bc2 b5 13. Nd4 Qb6 14. Qh5 g6 15.
Qh6 Re8 16. Bg5 Bf8 17. Qh4 Nd7 18. Nxc6 Qxc6 19. Ng3 a3 20. bxa3 Qxc3 21. Rac1
Qxa3 22. Nh5 Qxa2 23. Bb1 Qa4 24. f4 Qa5 25. Nf6+ Nxf6 26. exf6 Bd7 27. Re3 Qb6
28. Re1 Ra3 29. Kf2 Rc8 30. f5 exf5 31. Kf1 Rxe3 32. Bxe3 Qc6 33. Bd3 Qc3 34.
Ke2 Re8 {White resigns} 0-1

[Event "Team 45 45 League T63"]
[Site "Internet Chess Club"]
[Date "2014.11.26"]
[Round "1"]
[White "Bryant-L"]
[Black "SaltofLife"]
[Result "0-1"]
[WhiteElo "1692"]
[BlackElo "1960"]
[Opening "Sicilian: Najdorf, Byrne (English) attack"]
[ECO "B90"]
[Time "15:30:23"]
[TimeControl "2700+45"]

1. e4 c5 2. Nf3 d6 3. d4 cxd4 4. Nxd4 Nf6 5. Nc3 a6 6. Be3 g6 7. Be2 b5 8. f3
Bb7 9. O-O Nbd7 10. Qd2 Rc8 11. a3 Bg7 12. Bh6 Bxh6 13. Qxh6 Qb6 14. Qe3 e5 15.
Rad1 exd4 16. Qxd4 Ke7 17. Kh1 Qxd4 18. Rxd4 Nb6 19. Rfd1 Rhd8 20. Kg1 d5 21. e5
Nh5 22. g4 Ng7 23. f4 Ne6 {White resigns} 0-1

[Event "Team 45 45 League T63"]
[Site "Internet Chess Club"]
[Date "2014.11.30"]
[Round "1"]
[White "parrot9"]
[Black "Zugzwanged"]
[Result "0-1"]
[WhiteElo "1702"]
[BlackElo "1707"]
[Opening "French: Tarrasch, open variation, main line"]
[ECO "C09"]
[Time "10:04:17"]
[TimeControl "2700+45"]

1. e4 e6 2. d4 d5 3. Nd2 c5 4. Ngf3 Nc6 5. exd5 exd5 6. dxc5 Bxc5 7. Nb3 Bb6 8.
Bd3 Nge7 9. Bg5 O-O 10. c3 Re8 11. O-O Qd6 12. Nfd4 Bc7 13. g3 a6 14. Re1 h6 15.
Bf4 Qd8 16. Be3 Ne5 17. Be2 Bh3 18. Nc5 b5 19. Nd3 N7g6 20. Nf3 Nc4 21. Bc1 Qf6
22. b3 Nce5 23. Be3 Rad8 24. Nfxe5 Nxe5 25. Nf4 Be6 26. Nxe6 fxe6 27. Bd4 Qf5
28. f4 Nc6 29. Bg4 Qg6 30. Bh5 Qf5 31. Bxe8 Rxe8 32. Rc1 Qg6 33. Qf3 Rf8 34. Qe3
Bxf4 35. Qxe6+ Qxe6 36. Rxe6 Nxd4 37. Rxa6 Ne2+ 38. Kg2 {White resigns} 0-1